 Dungeon Crawl Stone Soup version 0.28-a0-730-g892d06dc2c (webtiles) character file.

Game seed: 4977117026235951422

130 pokeman the Magician (level 4, 0/25 HPs)
             Began as a Deep Elf Hedge Wizard on Oct 28, 2021.
             Slain by an orc (1 damage)
             ... on level 3 of the Dungeon.
             The game lasted 00:04:25 (2622 turns).

pokeman the Magician (Deep Elf Hedge Wizard)        Turns: 2622, Time: 00:04:26

Health: 0/25       AC:  4    Str:  7    XL:     4   Next: 89%
Magic:  0/13       EV: 12    Int: 20    God:
Gold:   173        SH:  0    Dex: 14    Spells: 3/14 levels left

rFire   . . .      SeeInvis .   l - +2 hand axe (vorpal)
rCold   . . .      Faith    .   (no shield)
rNeg    . . .      Spirit   .   o - +0 leather armour
rPois   .          Reflect  .   c - +0 hat
rElec   .          Harm     .   n - +0 cloak {Will+}
rCorr   .          Rampage  .   (no gloves)
Will    +....                   (no boots)
Stlth   ++........              (no amulet)
HPRegen 0.08/turn               (no ring)
MPRegen 0.13/turn               (no ring)

@: on blink cooldown
A: no striking features
a: no special abilities


You were on level 3 of the Dungeon.
You visited 1 branch of the dungeon, and saw 3 of its levels.

You collected 173 gold pieces.

Inventory:

Hand Weapons
 l - a +2 vorpal hand axe (weapon)
 m - a +4 quarterstaff of chaos
Missiles
 f - 41 bolts
 k - 5 arrows
Armour
 c - a +0 hat (worn)
 n - a +0 cloak of willpower (worn)
 o - a +0 leather armour (worn)
Scrolls
 d - a scroll of holy word {unknown}
 e - a scroll of fog {unknown}
 g - a scroll of amnesia {unknown}
 h - a scroll of identify {unknown}
Potions
 a - a potion of lignification {unknown}
 i - a potion of might {unknown}
 j - a potion of curing {unknown}


   Skills:
 - Level 1.0 Fighting
 - Level 1.0 Armour
 + Level 2.9 Dodging
 - Level 2.4 Stealth
 * Level 5.9 Spellcasting
 + Level 2.4 Conjurations
 - Level 1.1 Summonings
 - Level 1.1 Translocations
 + Level 1.2 Fire Magic


You had 3 spell levels left.
You knew the following spells:

 Your Spells              Type           Power      Damage    Failure   Level
a - Magic Dart            Conj           60%        1d6       5%          1
b - Mephitic Cloud        Conj/Pois/Air  9%         N/A       32%         3
c - Call Imp              Summ           10%        N/A       14%         2
d - Blink                 Tloc           20%        N/A       14%         2
e - Conjure Flame         Conj/Fire      13%        6-21      22%         3

Your spell library contained the following spells:

 Spells                   Type           Power      Damage    Failure   Level
 Slow                     Hex            5%         N/A       24%         2


Dungeon Overview and Level Annotations

Branches:
Dungeon (3/15)

Altars:

Shops:
D:2 =


Message History

Confirm with . or Enter, or press ? or * to list all spells.
Aiming: Magic Dart (safe; 6% risk of failure)
Press: ? - help, Shift-Dir - straight line, f/p - adder
Aim: an adder (almost dead, 100% to hit)
The magic dart hits the adder.
You kill the adder!
You feel sick.
Unknown command.
You hit the orc.
The orc is heavily wounded.
You feel sick. The orc hits you with a +0 club.
* * * LOW HITPOINT WARNING * * *
Unknown command.
Casting: Magic Dart (safe; 5% risk of failure)
Confirm with . or Enter, or press ? or * to list all spells.
Aiming: Magic Dart (safe; 5% risk of failure)
Press: ? - help, Shift-Dir - straight line, f - orc
Aim: an orc, wielding a +0 club and wearing a +0 leather armour (heavily wounded, 100% to hit)
The magic dart hits the orc.
The orc is almost dead.
* * * LOW HITPOINT WARNING * * *
You feel sick. The orc barely misses you.
Casting: Magic Dart (safe; 5% risk of failure)
Confirm with . or Enter, or press ? or * to list all spells.
You blink.
* * * LOW HITPOINT WARNING * * *
You feel sick.
Unknown command.
Casting: Blink (safe; 14% risk of failure)
Confirm with . or Enter, or press ? or * to list all spells.
You don't have enough magic to cast this spell.
Unknown command.
Unknown command.
You barely miss the orc.
The orc is almost dead.
* * * LOW HITPOINT WARNING * * *
You feel sick.
You are no longer poisoned.
The orc hits you with a +0 club.
You die...

##...... #>......
########.......
#............
#.......... # .
#.......†# .#^#
#...>....##.....
#######...........#
#.@##.###...#
#.o.....#...#
######†#..#.#...# ##
##.........#...#.# #.
#....##..#.#.....######.
#....##..#.#..........#.
#...[##....'..........'.
#....###...#.....####.#.
####....#######.....#
#.#.


You could see an orc.

Vanquished Creatures
  Crazy Yiuf (D:2)
  Terence (D:2)
  3 adders
  A worm (D:2)
  3 dart slugs
  3 bats (D:1)
  2 endoplasms (D:2)
  3 giant cockroaches
  4 hobgoblins
  2 jackals (D:1)
  A quokka (D:1)
  4 ball pythons
  2 frilled lizards
  6 goblins
  4 kobolds (D:1)
40 creatures vanquished.

Notes
Turn   | Place    | Note
-------+----------+-------------------------------------------
     0 | D:1      | pokeman the Deep Elf Hedge Wizard began the quest for the
                  | Orb.
     0 | D:1      | Reached XP level 1. HP: 10/10 MP: 7/7
   315 | D:1      | Reached XP level 2. HP: 16/16 MP: 3/9
   651 | D:1      | Found a faded altar of an unknown god.
  1045 | D:1      | Reached skill level 5 in Spellcasting
  1259 | D:2      | Reached XP level 3. HP: 20/20 MP: 2/11
  1263 | D:2      | Learned a level 3 spell: Mephitic Cloud
  1266 | D:2      | Learned a level 2 spell: Call Imp
  1269 | D:2      | Learned a level 2 spell: Blink
  1273 | D:2      | Learned a level 3 spell: Conjure Flame
  1647 | D:2      | Found a runed translucent door.
  1648 | D:2      | Noticed Crazy Yiuf
  1728 | D:2      | Reached skill level 1 in Fighting
  1740 | D:2      | Found Cyizum Muest's Jewellery Emporium.
  1757 | D:2      | Reached skill level 1 in Armour
  1914 | D:2      | Noticed Terence
  1946 | D:2      | Killed Terence
  1947 | D:2      | Reached XP level 4. HP: 21/25 MP: 5/13
  2375 | D:2      | Killed Crazy Yiuf
  2376 | D:2      | Reached skill level 1 in Fire Magic
  2622 | D:3      | HP: 1/25 [poisoned by an adder]
  2622 | D:3      | Slain by an orc

Illustrated notes

Levels and vault maps discovered:
D:1:      pf_arrival_petrified_forest, layout_rooms,
          ebering_ecumenical_altar_sacrificial
D:2:      layout_loops_ring, serial_shops, nicolae_shop_stone,
          uniq_crazy_yiuf_cottage, uniq_terence
D:3:      minmay_bubble_buster, layout_basic, uniq_jessica

Skill      XL: |  1  2  3  4 |
---------------+-------------+-----
Spellcasting   | 5 |  5.9
Fighting       | 1 |  1.0
Armour         | 1 |  1.0
Conjurations   | 2 |  2.4
Fire Magic     | 1 |  1.2
Dodging        | |  2.9
Stealth        | |  2.4
Summonings     | |  1.1
Translocations | |  1.1

Action                   |  1- 3 |  4- 6 || total
-------------------------+-------+-------++-------
Melee: Dagger            |    31 |       ||    31
       Hand axe          |       |     5 ||     5
 Cast: Magic Dart        |    96 |    25 ||   121
       Mephitic Cloud    |     1 |     1 ||     2
       Conjure Flame     |     1 |       ||     1
       Blink             |       |     1 ||     1
       Call Imp          |       |     1 ||     1
 Stab: Confused          |     1 |       ||     1
Armor: Robe              |    10 |       ||    10
Dodge: Dodged            |    32 |     5 ||    37

Table legend: (Time is in decaauts)
 A = Elapsed time spent in this place.
 B = Non-inter-level travel time spent in this place.
 C = Inter-level travel time spent in this place.
 D = Time resting spent in this place.
 E = Time spent auto-exploring this place.
 F = Levels seen in this place.
 G = Mean time per level.
                   A        B        C        D        E       F      G
               +--------+--------+--------+--------+--------+-----+--------+
         Total |   2622 |   2564 |     58 |    127 |   2075 |   3 |  874.0 |
       Dungeon |   2622 |   2564 |     58 |    127 |   2075 |   3 |  874.0 |
               +--------+--------+--------+--------+--------+-----+--------+

Top non-repeatable levels by time:
     D:2: 1270 daAuts
     D:1: 1237 daAuts
     D:3: 115 daAuts
